 Dungeon Crawl Stone Soup version 0.29.1-15-g9cfb28693d (webtiles) character file.

Game seed: 1659087412781079963

68 TittyCrusher the Poker (level 4, 0/33 HPs)
             Began as a Merfolk Gladiator on Mar 7, 2023.
             Killed from afar by an orc wizard (1 damage)
             ... with a magic dart
             ... on level 3 of the Dungeon.
             The game lasted 00:03:54 (1959 turns).

TittyCrusher the Poker (Merfolk Gladiator)          Turns: 1959, Time: 00:03:54

Health: 0/33       AC:  8    Str: 22    XL:     4   Next: 19%
Magic:  4/4        EV: 12    Int:  7    God:
Gold:   61         SH:  0    Dex: 15    Spells: 3/3 levels left

rFire   . . .      SeeInvis .   a - +1 trident
rCold   . . .      Faith    .   (no shield)
rNeg    . . .      Spirit   .   k - +0 ring mail
rPois   .          Reflect  .   c - +0 helmet
rElec   .          Harm     .   h - +0 cloak
rCorr   .          Rampage  .   (no gloves)
Will    .....                   u - +0 pair of boots
Stlth   +.........              (no amulet)
HPRegen 0.11/turn               j - +6 ring of strength
MPRegen 0.09/turn               (no ring)

@: mighty
A: (nimble swimmer 2), mertail
a: no special abilities


You were on level 3 of the Dungeon.
You visited 1 branch of the dungeon, and saw 3 of its levels.

You collected 61 gold pieces.

Inventory:

Hand Weapons
 a - a +1 trident (weapon)
 v - a +0 sling
Missiles
 d - 3 throwing nets (quivered)
 e - a javelin
 g - 17 stones
Armour
 c - a +0 helmet (worn)
 h - a +0 cloak (worn)
 k - a +0 ring mail (worn)
 u - a +0 pair of boots (worn)
Magical Staves
 n - a staff of poison
Jewellery
 j - a +6 ring of strength (left hand)
Scrolls
 i - 3 scrolls of enchant weapon
 m - a scroll of identify {unknown}
 o - a scroll of teleportation {unknown}
 p - a scroll of amnesia {unknown}
 r - 2 scrolls of magic mapping {unknown}
 t - a scroll of blinking {unknown}
Potions
 f - a potion of heal wounds {unknown}
 l - a potion of attraction {unknown}
 q - a potion of haste {unknown}
 s - a potion of flight {unknown}


   Skills:
 - Level 2.1 Fighting
 + Level 6.5 Polearms
 - Level 2.0 Throwing
 - Level 4.0 Dodging


You had 3 spell levels left.
You didn't know any spells.
Your spell library contained the following spells:

 Spells                   Type           Power      Damage    Failure   Level
 Scorch                   Fire           0%         2d5       75%         2
 Flame Wave               Conj/Fire      0%         2d4       100%        4
 Summon Cactus Giant      Summ           0%         N/A       100%        6


Dungeon Overview and Level Annotations

Branches:
Dungeon (3/15)

Altars:

Annotations:
D:1 exclusion: downstairs
D:2 Sigmund


Innate Abilities, Weirdness & Mutations

((You are very nimble when in or above water. (Stealth+, EV+, Speed+++)))
Your lower body shifts to a powerful aquatic tail in water.


Message History

The orc wizard is almost dead.
The orc wizard hits you but does no damage.
You barely miss the orc wizard.
The orc wizard is almost dead.
The orc wizard points at you and mumbles some strange words.
You are confused.
You barely miss the orc wizard.
The orc wizard is almost dead.
The orc wizard misses you.
You bump into the rock wall.
The orc wizard gestures wildly while chanting.
The orc wizard flickers and vanishes!
Deactivating autopickup; reactivate with Ctrl-A.
You barely miss something. Something hits you but does no damage.
You bump into the rock wall.
You hear some strange, mumbled words.
A magic dart appears from out of thin air!
The magic dart hits you.
You're too confused to move!
You feel less confused. Something hits you.
You barely miss something. Something hits you.
It was a potion of might.
You feel very mighty all of a sudden.
You hear some strange, mumbled words.
A puff of flame appears from out of thin air!
The puff of flame hits you.
* * * LOW HITPOINT WARNING * * *
Okay, then.
You barely miss something.
You hear some strange, mumbled words.
A magic dart appears from out of thin air!
The magic dart hits you!
* * * LOW HITPOINT WARNING * * *
You miss something. Something hits you but does no damage.
You completely miss something.
You hear some strange, mumbled words.
A magic dart appears from out of thin air!
The magic dart hits you.
You die...

..# ..# ..# ..####
.....# ..##.# ..##.#
..##.# ######### ..##.#
#.){@...#
..##.########.#####.#
........##.......#
...........#####......#
.###.##.##.# ......# .#
#.##.)..# ....... .#
#.##....# o..o..# †#
#.###.#.#####......# .#
#.# #.#............#


There were no monsters in sight!

Vanquished Creatures
  An adder (D:2)
  2 dart slugs (D:1)
  2 orcs (D:3)
  5 ball pythons
  6 endoplasms
  A giant cockroach (D:1)
  3 hobgoblins (D:1)
  4 jackals (D:1)
  6 kobolds
  2 quokkas
  4 bats
  4 frilled lizards
  2 goblins
  6 rats
48 creatures vanquished.

Vanquished Creatures (others)
  2 fungi (D:2)
2 creatures vanquished.

Grand Total: 50 creatures vanquished

Notes
Turn   | Place    | Note
-------+----------+-------------------------------------------
     0 | D:1      | TittyCrusher the Merfolk Gladiator began the quest for the
                  | Orb.
     0 | D:1      | Reached XP level 1. HP: 16/16 MP: 1/1
    88 | D:1      | Reached XP level 2. HP: 19/22 MP: 2/2
   236 | D:1      | Reached skill level 5 in Polearms
   557 | D:1      | Reached XP level 3. HP: 25/27 MP: 3/3
  1129 | D:1      | Reached skill level 6 in Polearms
  1262 | D:2      | Noticed Sigmund
  1529 | D:2      | Found a faded altar of an unknown god.
  1605 | D:2      | Reached XP level 4. HP: 21/33 MP: 4/4
  1957 | D:3      | HP: 1/33 [something/magic dart (8)]
  1959 | D:3      | Killed from afar by an orc wizard

Illustrated notes

Levels and vault maps discovered:
D:1:      sevenhm_arrival_forest_fort_large_4, layout_basic,
          minmay_curled_crystal, minmay_pentomino_v2
D:2:      layout_loops_ring, shapermc_ecumenical_altar_acropolis,
          minmay_stone_trees_small, uniq_sigmund
D:3:      minmay_thinvault, layout_loops_ring, minmay_between

Skill      XL: |  1  2  3 |
---------------+----------+-----
Polearms       | 5 6 |  6.5
Fighting       | |  2.1
Throwing       | |  2.0
Dodging        | |  4.0

Action                   |  1- 3 |  4- 6 || total
-------------------------+-------+-------++-------
Melee: Trident           |   116 |    32 ||   148
       Punch             |     1 |       ||     1
  Use: Scroll            |     1 |       ||     1
       Potion            |       |     1 ||     1
 Stab: Sleeping          |     2 |       ||     2
Armor: Leather armour    |    22 |       ||    22
       Ring mail         |     6 |     7 ||    13
Dodge: Dodged            |    50 |     7 ||    57
